 Dungeon Crawl Stone Soup version 0.29.1-2-gbd0b4ee654 (webtiles) character file.

Game seed: 756952676132060799

8347 styxcanada the Covert (level 11, 0/54 HPs)
             Began as a Spriggan Brigand on Oct 30, 2022.
             Was an Initiate of Gozag.
             Slain by an acid dragon (4 damage)
             ... on level 9 of the Dungeon.
             The game lasted 00:55:36 (11325 turns).

styxcanada the Covert (Spriggan Brigand)           Turns: 11325, Time: 00:55:37

Health: 0/54       AC:  9    Str:  7    XL:     11   Next: 8%
Magic:  21/21      EV: 24    Int: 14    God:    Gozag
Gold:   759        SH:  7    Dex: 20    Spells: 22/22 levels left

rFire   + . .      SeeInvis +   G - +5 sling of the Elven Halls {venom, rF+ rC++}
rCold   + + .      Faith    .   D - +0 buckler
rNeg    . . .      Spirit   .   b - +0 robe
rPois   +          Reflect  .   (helmet restricted)
rElec   .          Harm     .   c - +2 cloak
rCorr   .          Rampage  .   (gloves unavailable)
Will    +....                   (boots unavailable)
Stlth   ++++++....              u - amulet of regeneration
HPRegen 0.98/turn               H - +4 ring of protection
MPRegen 0.17/turn               s - ring of poison resistance

@: gold aura, very quick
A: very small, no large weapons, unfitting armour, see invisible, speed 3
a: Renounce Religion, Potion Petition, Call Merchant, Bribe Branch


You were on level 9 of the Dungeon.
You worshipped Gozag.
Gozag was pleased with you.
You visited 2 branches of the dungeon, and saw 10 of its levels.
You also visited: Bailey.

You collected 1411 gold pieces.
You spent 569 gold pieces at shops.
You paid 83 gold pieces to Gozag.

Inventory:

Hand Weapons
 a - a +2 dagger
 l - a +3 dagger of holy wrath
 o - a +1 mace of protection
 G - the +5 sling of the Elven Halls (weapon) {venom, rF+ rC++}
   (You found it on level 4 of the Dungeon)

   Any ammunition fired from it poisons the flesh of those it strikes.
   rF:        It protects you from fire.
   rC:        It greatly protects you from cold.
Missiles
 d - 21 poisoned darts
 e - a curare-tipped dart
 f - 14 boomerangs
 h - 82 stones
Armour
 b - a +0 robe (worn)
 c - a +2 cloak (worn)
 q - a +1 cloak
 D - a +0 buckler (worn)
Jewellery
 p - a +6 ring of intelligence
 s - a ring of poison resistance (right hand)
 u - an amulet of regeneration (around neck)
 F - a ring of protection from cold
 H - a +4 ring of protection (left hand)
Wands
 m - a wand of flame (17)
 I - a wand of polymorph (7)
Scrolls
 k - 10 scrolls of teleportation
 v - 2 scrolls of poison
 x - 2 scrolls of fear
 y - a scroll of amnesia
 z - a scroll of magic mapping
 C - a scroll of enchant armour
 E - a scroll of butterflies
 J - a scroll of immolation
Potions
 g - a potion of might
 i - 4 potions of curing
 j - 2 potions of cancellation
 n - a potion of flight
 r - 3 potions of brilliance
 t - 2 potions of mutation
 w - 3 potions of haste
 A - 3 potions of heal wounds
 B - a potion of lignification {unknown}


   Skills:
 + Level 4.9 Fighting
 + Level 5.1 Short Blades
 + Level 7.6 Ranged Weapons
 + Level 4.8 Throwing
 * Level 9.7 Dodging
 * Level 13.9 Stealth
 * Level 3.2 Shields
 - Level 6.1 Spellcasting
 * Level 6.4 Evocations


You had 22 spell levels left.
You didn't know any spells.
Your spell library contained the following spells:

 Spells                   Type           Power      Damage    Failure   Level
 Gell's Gravitas          Tloc           4%         N/A       67%         3
 Lesser Beckoning         Tloc           4%         N/A       67%         3
 Teleport Other           Tloc           4%         N/A       67%         3


Dungeon Overview and Level Annotations

Branches:
Dungeon (9/15)             Temple (1/1) D:4          Bailey (visited)
   Lair: D:8-11         Orc: D:9-12

Altars:
Ashenzari
Cheibriados
Dithmenos
Elyvilon
Gozag
Hepliaklqana
Kikubaaqudgha
Makhleb
Nemelex Xobeh
Okawaru
Ru
Sif Muna
Trog
Uskayaw
Vehumet
Wu Jian
Xom
Yredelemnul
Zin
The Shining One

Shops:
D:3 !*=   D:8 =

Annotations:
D:9 2 transporters


Innate Abilities, Weirdness & Mutations

You are very small and have problems with some larger weapons.
You are too small for most types of armour.
You have supernaturally acute eyesight. (SInv)
You cover ground extremely quickly. (Speed+++)


Message History

An acid dragon comes into view.
Found 8 stones.
Found 13 gold pieces.
Found a transporter.
Found a transporter.
Fire: G) +5 sling of the Elven Halls {venom, rF+ rC++}
Press: ? - help, Q - select action, (/) - cycle Shift-Dir - straight line, f/p - acid dragon
Aim: an acid dragon (severely wounded, poisoned, 70% to hit)
You shoot a sling bullet.
The sling bullet barely misses the acid dragon.
Unknown command.
The acid dragon spits acid at you. You block the splash of acid.
You hear a roar!
Fire: G) +5 sling of the Elven Halls {venom, rF+ rC++}
Press: ? - help, Q - select action, (/) - cycle Shift-Dir - straight line, f/p - acid dragon
Aim: an acid dragon (severely wounded, poisoned, 70% to hit)
You shoot a sling bullet. The sling bullet hits the acid dragon.
The acid dragon looks as sick as possible!
The acid dragon is almost dead.
Found a scroll of identify.
You kill the acid dragon!
Fire: G) +5 sling of the Elven Halls {venom, rF+ rC++}
Press: ? - help, Q - select action, (/) - cycle Shift-Dir - straight line, f - acid dragon
Aim: an acid dragon (70% to hit)
You shoot a sling bullet. The sling bullet hits the acid dragon.
The acid dragon is lightly wounded.
Unknown command.
The acid dragon spits acid at you. The splash of acid hits you!!
Ouch! That really hurt!
* * * LOW HITPOINT WARNING * * *
An acid dragon comes into view.
The acid dragon spits acid at you. The splash of acid misses you.
The acid dragon spits acid at you. The splash of acid misses you.
Unknown command.
The acid dragon bites you.
You die...
Your body crumbles into a pile of gold.

#########
#.......# .
#.......+..
#.........#
#.........#
#..?.......
#......#
#..@...#
#...D..#
#...#### .©.8
#...# #######
#...#####8.©.8#8
#......##(....#.
...
#...D..##....©#©
...
#......##..$..#.
...
##...........8#
..


You could see 2 acid dragons.

Vanquished Creatures
  2 vault guards (Bailey)
  A two-headed ogre (D:8)
  Pikel (D:7)
  A cyclops (D:8)
  Prince Ribbit (Bailey)
  A hornet (D:8)
  4 humans (Bailey)
  Eustachio (D:4)
  Grum (D:8)
  An acid dragon (D:9)
  2 orc warriors
  4 black bears
  An ice beast (D:5)
  3 sky beasts
  4 centaurs
  3 wolves (D:8)
  4 ogres
  A phantom (D:5)
  2 kobold brigands
  3 scorpions
  14 bullfrogs
  A necrophage (D:6)
  3 howler monkeys
  3 jellies
  4 hounds
  3 orc priests
  A gnoll bouda (D:8)
  5 iguanas
  Jessica (D:2)
  8 orc wizards
  Natasha (twice) (D:4)
  14 gnolls
  5 adders
  A white imp (D:7)
  3 ufetubi
  3 worms
  3 dart slugs
  14 orcs
  5 bats
  11 endoplasms
  3 giant cockroaches
  16 goblins
  6 hobgoblins
  4 quokkas
  5 ball pythons
  2 frilled lizards
  14 kobolds
  9 rats
204 creatures vanquished.

Notes
Turn   | Place    | Note
-------+----------+-------------------------------------------
     0 | D:1      | styxcanada the Spriggan Brigand began the quest for the
                  | Orb.
     0 | D:1      | Reached XP level 1. HP: 10/10 MP: 2/2
   114 | D:1      | Reached skill level 6 in Stealth
   242 | D:1      | Reached XP level 2. HP: 15/15 MP: 3/3
  1144 | D:1      | Reached skill level 7 in Stealth
  1169 | D:1      | Reached XP level 3. HP: 15/18 MP: 4/4
  1496 | D:2      | Noticed Jessica
  1513 | D:2      | Killed Jessica
  1670 | D:2      | Reached XP level 4. HP: 23/23 MP: 5/5
  1698 | D:2      | Found a faded altar of an unknown god.
  2340 | D:3      | Found Leosk's Jewellery Emporium.
  2452 | D:3      | Found Uhu Samy's Assorted Antiques.
  2455 | D:3      | Bought a white potion for 26 gold pieces
  2455 | D:3      | Bought a bubbling sapphire potion for 26 gold pieces
  2455 | D:3      | Bought a lumpy white potion for 26 gold pieces
  2455 | D:3      | Bought a scroll labelled VOUH SURENUNK for 29 gold pieces
  2529 | D:3      | Reached skill level 11 in Stealth
  2529 | D:3      | Reached XP level 5. HP: 29/29 MP: 5/14
  2847 | D:3      | Found Zazofah's Distillery.
  2868 | D:3      | Bought a potion of degeneration for 12 gold pieces
  3460 | D:3      | Reached XP level 6. HP: 30/33 MP: 16/16
  3517 | D:4      | Noticed Eustachio
  3527 | D:4      | Killed Eustachio
  3880 | D:4      | Reached skill level 12 in Stealth
  3924 | D:4      | Reached XP level 7. HP: 34/37 MP: 17/17
  4095 | D:4      | Found a staircase to the Ecumenical Temple.
  4117 | Temple   | Entered the Ecumenical Temple
  4160 | Temple   | Became a worshipper of Gozag Ym Sagoz the Greedy
  4479 | D:4      | Noticed Natasha
  4490 | D:4      | Killed Natasha
  4491 | D:4      | Reached skill level 5 in Short Blades
  4599 | D:4      | Identified the +5 sling of the Elven Halls {venom, rF+
                  | rC++}
  4830 | D:4      | Noticed Natasha
  4833 | D:4      | Killed Natasha
  4923 | D:5      | Entered Level 5 of the Dungeon
  4945 | D:5      | Reached skill level 1 in Shields
  5068 | D:5      | Reached skill level 1 in Evocations
  5229 | D:5      | Reached skill level 1 in Ranged Weapons
  5274 | D:5      | Reached XP level 8. HP: 29/42 MP: 18/18
  6567 | D:6      | Reached XP level 9. HP: 28/45 MP: 19/19
  8270 | D:7      | Found a flagged portal.
  8300 | Bailey   | Entered a bailey
  8398 | Bailey   | Reached skill level 13 in Stealth
  8404 | Bailey   | Reached skill level 5 in Ranged Weapons
  8920 | Bailey   | Reached XP level 10. HP: 48/51 MP: 20/20
  8942 | Bailey   | Noticed Prince Ribbit
  8944 | Bailey   | Noticed a vault guard
  8956 | Bailey   | Reached skill level 5 in Evocations
  8960 | Bailey   | Killed Prince Ribbit
  9022 | Bailey   | Killed a vault guard
  9165 | Bailey   | Noticed a vault guard
  9202 | Bailey   | Killed a vault guard
  9654 | D:7      | Noticed Pikel
  9682 | D:7      | Killed Pikel
  9843 | D:7      | Noticed a two-headed ogre
  9844 | D:7      | Noticed a boulder beetle
 10366 | D:8      | Noticed a cyclops
 10374 | D:8      | Killed a cyclops
 10937 | D:8      | Noticed Grum
 11001 | D:8      | Killed Grum
 11132 | D:8      | Noticed a two-headed ogre
 11152 | D:8      | Killed a two-headed ogre
 11153 | D:8      | Reached XP level 11. HP: 54/54 MP: 21/21
 11220 | D:8      | Found Esi Sera's Jewellery Boutique.
 11233 | D:8      | Bought an amulet of regeneration for 450 gold pieces
 11312 | D:9      | Found a transporter.
 11313 | D:9      | Found a transporter.
 11322 | D:9      | HP: 2/54 [acid dragon/splash of acid (32)]
 11325 | D:9      | Slain by an acid dragon

Illustrated notes

Levels and vault maps discovered:
D:1:      evilmike_arrival_home_sweet_home, layout_basic, minmay_misc_feat_five,
          corexii_item_surrounded_by_moat, minmay_stone_trees_small,
          minmay_heptomino_l4
D:2:      layout_basic, shapermc_ecumenical_altar_mp_ritualfount, uniq_jessica
D:3:      layout_basic, serial_shops, nicolae_shop_behind_doors,
          nicolae_shop_stone, nicolae_shop_stone, st_stairs_5,
          minmay_misc_feat_enclosed, nicolae_elevator_lobby_asterisk
D:4:      layout_basic, minmay_temple_entry_drinking_statues,
          serial_corexii_hall, chequers_hall_statues_wall_a,
          chequers_hall_statues_y, uniq_eustachio, uniq_natasha
D:5:      layout_cave_pods, minivault_11
D:6:      minmay_diamond_boxcup, layout_layer_cave, nicolae_fountain_basement
D:7:      layout_basic, enter_bailey_3, lightli_corner_chamber, uniq_pikel
D:8:      layout_basic, serial_shops, shop, uniq_grum
D:9:      layout_irregular_city, nicolae_diode_quadrants
Temple:   grunt_wide_crystal_templ

Skill      XL: |  1  2  3  4  5  6  7  8  9 10 |
---------------+-------------------------------+-----
Stealth        | 6 7 11 12 13 | 13.9
Dodging        | 2 7 8 9 |  9.7
Fighting       | 2 3 4 |  4.9
Short Blades   | 4 5 |  5.1
Throwing       | 4 |  4.8
Spellcasting   | 6 |  6.1
Shields        | 1 2 3 |  3.2
Evocations     | 1 3 4 6 |  6.4
Ranged Weapons | 1 3 5 7 |  7.6

Action                   |  1- 3 |  4- 6 |  7- 9 | 10-12 || total
-------------------------+-------+-------+-------+-------++-------
Melee: Dagger            |    89 |    91 |    38 |       ||   218
 Fire: Sling             |       |       |   260 |   154 ||   414
Throw: Dart              |     5 |    25 |       |       ||    30
Evoke: Wand              |       |       |       |     1 ||     1
  Use: Scroll            |     3 |     5 |    11 |     6 ||    25
       Potion            |       |     1 |       |       ||     1
 Stab: Sleeping          |    11 |    20 |     2 |       ||    33
       Distracted        |       |     1 |     1 |       ||     2
Armor: Robe              |     4 |     5 |    13 |     8 ||    30
Dodge: Dodged            |    56 |    35 |   135 |    40 ||   266
Block: Buckler           |       |     4 |    56 |    25 ||    85
